 Dungeon Sprint DCSS version 0.21-a0-50-g941c862 (webtiles) character file.

4074 Kidiri the Grappler (level 10, -4/119 HPs)
             Began as a Troll Monk on June 11, 2017.
             Was the Champion of Wu Jian.
             Slain by a killer bee (8 damage)
             ... while paralysed
             ... in the Dungeon (Sprint III: "The Ten Rune Challenge").
             The game lasted 00:08:44 (970 turns).

Kidiri the Grappler (Troll Monk)                     Turns: 970, Time: 00:08:45

Health: -4/119     AC:  5    Str: 23    XL:     10   Next: 5%
Magic:  11/11      EV:  1    Int:  6    God:    Wu Jian [******]
Gold:   49         SH:  0    Dex: 15    Spells: 9/9 levels left

rFire    . . .     SeeInvis .     - Unarmed
rCold    . . .     Gourm    +   (no shield)
rNeg     . . .     Faith    .   a - +0 robe
rPois    .         Spirit   .   (helmet restricted)
rElec    .         Reflect  .   (no cloak)
rCorr    .         Harm     .   (gloves unavailable)
MR       .....     Clarity  +   (boots unavailable) Stlth ++........NoTele +
                                (no amulet)
Regen    0.7/turn               (no ring)
MPRegen  0.2/turn               (no ring)

@: paralysed, lethally poisoned (-4 -> -6), berserk cooldown, slowed, glowing,
heavenly storm
A: unfitting armour, claws 3, clarity, fast metabolism 3, gourmand, regeneration
1, robust 1, shaggy fur 1, strong 1, tough skin 2
a: Serpent's Lash, Heavenly Storm, Renounce Religion


You were in the Dungeon.
You worshipped Wu Jian.
Wu Jian was exalted by your worship.
You were very full.

You visited 1 branch You collected 49 gold pieces.

Inventory:

Hand Weapons
 r - a +0 giant spiked club
 s - a +3 great mace of protection
Missiles
 t - 9 throwing nets (quivered)
Armour
 a - a +0 robe (worn)
Scrolls
 j - a scroll of holy word
 l - 3 scrolls of remove curse {unknown}
 p - a scroll of torment {unknown}
Potions
 c - 2 potions of curing
 e - a potion of haste
 f - 2 potions of magic
 i - a potion of mutation
 n - a potion of lignification
 o - 4 potions of flight
Miscellaneous
 h - a lightning rod (4/4)
Comestibles
 b - 2 bread rations
 k - 9 chunks of flesh
 m - 4 fruits
 q - 2 royal jellies


   Skills:
 * Level 9.7 Fighting
 + Level 6.3 Armour
 * Level 9.6 Dodging
 * Level 7.2 Stealth
 * Level 11.3 Unarmed Combat
 + Level 3.4 Evocations


You had 9 spell levels left.
You didn't know any spells.

Dungeon Overview and Level Annotations

Branches:
Dungeon (1/1)

Altars:
Cheibriados
Dithmenos
Elyvilon
Fedhas
Gozag
Hepliaklqana
Kikubaaqudgha
Makhleb
Nemelex Xobeh
Okawaru
Qazlal
Ru
Sif Muna
Trog
Uskayaw
Vehumet
Wu Jian
Xom
Yredelemnul
Zin
The Shining One
Beogh
Jiyva
Lugonu

Annotations:
D exclusion: 2 doors


Innate Abilities, Weirdness & Mutations

You are too large for most types of armour.
You have claws for hands.
Your metabolism is lightning-fast.
You like to eat raw meat.
Your natural rate of healing is unusually fast.
You are covered in fur. (AC +1)
You have very tough skin. (AC +2)
You possess an exceptional clarity of mind.
You are robust. (+10% HP)
Your muscles are strong. (Str +2)


Message History

You kill the killer bee!
The Council accepts your kill.
You spin and attack the killer bee.
You barely miss the killer bee.
You feel sick.
You hear an angry buzzing noise.
The killer bee barely misses you. x2; The killer bee stings you.
* * * LOW HITPOINT WARNING * * *
You are more poisoned.
The killer bee poisons you! The killer bee completely misses you.
A killer bee comes into view.
Items here: ††††††† You feel sick.
You feel a strong urge to attack something.
You feel sick.
Unknown command.
You are too berserk!
You are no longer berserk.
You pass out from exhaustion.
You feel yourself slow down.
You feel sick. The killer bee stings you!
You die...

##### _#__# .#._# ##+## ..).#
....# ###'#
#..)#+###########################
#...#....#.#.#.§@y§#......'%%.≈≈#
#...##.#..#.##)###y#......#
#..)÷##.#.#.##.#§§##.y....#
+...#...#..#..##§y§y......#
▓▓▓▓▓▓▓▓▓▓▓▓▓▓▓▓▓▓#§......#
#.......# +.......# #.......#
##+######


You could see 2 killer bees.

Vanquished Creatures
  Erolcha (D)
  A deep elf mage (D)
  A queen bee (D)
  2 redbacks (D)
  A shadow (D)
  A spatial vortex (D)
  A necrophage (D)
  5 two-headed ogres (D)
  A water elemental (D)
  21 killer bees (D)
  A jelly (D)
  A wizard (D)
  A necromancer (D)
  3 humans (D)
  A kobold demonologist (D)
  A phantom (D)
  4 rats (D)
47 creatures vanquished.

Vanquished Creatures (others)
  2 draconian scorchers (D)
  6 hellions (D)
  A yaktaur (D)
9 creatures vanquished.

Grand Total: 56 creatures vanquished

Notes
Turn   | Place    | Note
-------+----------+-------------------------------------------
     0 | D        | Kidiri the Troll Monk began the quest for the Orb.
     0 | D        | Reached XP level 1. HP: 22/22 MP: 0/0
    50 | D        | Reached skill level 1 in Armour
    50 | D        | Reached XP level 2. HP: 10/31 MP: 1/1
   103 | D        | Reached skill level 4 in Unarmed Combat
   116 | D        | Killed a hellion
   119 | D        | Gained mutation: You are robust. (+10% HP) [potion of mutation]
   119 | D        | Gained mutation: You possess an exceptional clarity of mind. [potion of mutation]
   119 | D        | Gained mutation: Your muscles are strong. (Str +2) [potion of mutation]
   120 | D        | Killed a hellion
   121 | D        | Killed a hellion
   122 | D        | Killed a hellion
   122 | D        | Killed a hellion
   137 | D        | Noticed a water elemental
   138 | D        | Killed a hellion
   165 | D        | Killed a yaktaur
   171 | D        | Killed a white draconian scorcher
   215 | D        | Killed a white draconian scorcher
   216 | D        | Killed a water elemental
   216 | D        | Reached XP level 3. HP: 13/42 MP: 2/2
   216 | D        | Reached XP level 4. HP: 16/52 MP: 3/3
   279 | D        | Found an ornate altar of the Wu Jian Council.
   279 | D        | Found an iron altar of Okawaru.
   280 | D        | Found a roughly hewn altar of Beogh.
   280 | D        | Found a bloodstained altar of Trog.
   280 | D        | Found a hide-covered altar of Uskayaw.
   280 | D        | Noticed a human
   280 | D        | Noticed a human
   282 | D        | Became a worshipper of the Wu Jian Council
   282 | D        | Reached * piety under Wu Jian
   282 | D        | Reached ** piety under Wu Jian
   295 | D        | Killed a human
   295 | D        | Reached skill level 5 in Fighting
   295 | D        | Reached skill level 5 in Dodging
   295 | D        | Reached skill level 6 in Unarmed Combat
   295 | D        | Reached XP level 5. HP: 24/62 MP: 4/4
   298 | D        | Killed a human
   298 | D        | Reached skill level 7 in Unarmed Combat
   298 | D        | Reached XP level 6. HP: 30/73 MP: 5/5
   378 | D        | Found a radiant altar of Vehumet.
   379 | D        | Found a deep blue altar of Sif Muna.
   379 | D        | Found an ancient bone altar of Kikubaaqudgha.
   382 | D        | Reached *** piety under Wu Jian
   400 | D        | Found a glowing silver altar of Zin.
   401 | D        | Found a glowing golden altar of the Shining One.
   401 | D        | Found a white marble altar of Elyvilon.
   401 | D        | Noticed a deep elf mage
   404 | D        | Noticed a redback
   411 | D        | Noticed a chaos spawn
   411 | D        | Killed a deep elf mage
   411 | D        | Reached skill level 5 in Stealth
   411 | D        | Reached skill level 8 in Unarmed Combat
   411 | D        | Reached XP level 7. HP: 44/85 MP: 6/6
   475 | D        | Found a basalt altar of Yredelemnul.
   475 | D        | Found a shadowy altar of Dithmenos.
   475 | D        | Found a sacrificial altar of Ru.
   497 | D        | Noticed a shadow
   501 | D        | Killed a shadow
   501 | D        | Reached **** piety under Wu Jian
   501 | D        | Reached skill level 9 in Unarmed Combat
   501 | D        | Reached XP level 8. HP: 89/95 MP: 7/7
   510 | D        | Found a blossoming altar of Fedhas.
   510 | D        | Found a stormy altar of Qazlal.
   511 | D        | Found a snail-covered altar of Cheibriados.
   511 | D        | Found a burning altar of Makhleb.
   511 | D        | Found a hazy altar of Hepliaklqana.
   511 | D        | Found a shimmering altar of Xom.
   511 | D        | Found an opulent altar of Gozag.
   511 | D        | Found a sparkling altar of Nemelex Xobeh.
   511 | D        | Found a corrupted altar of Lugonu.
   511 | D        | Found a viscous altar of Jiyva.
   558 | D        | Reached skill level 5 in Armour
   704 | D        | Noticed a two-headed ogre
   708 | D        | Killed a two-headed ogre
   708 | D        | Reached skill level 1 in Evocations
   755 | D        | Noticed a two-headed ogre
   755 | D        | Noticed Erolcha
   756 | D        | Killed Erolcha
   756 | D        | Reached skill level 10 in Unarmed Combat
   756 | D        | Reached XP level 9. HP: 106/106 MP: 9/9
   761 | D        | Killed a two-headed ogre
   822 | D        | Reached ***** piety under Wu Jian
   949 | D        | Reached skill level 11 in Unarmed Combat
   951 | D        | Reached ****** piety under Wu Jian
   960 | D        | Noticed a queen bee
   962 | D        | Killed a queen bee
   962 | D        | Reached XP level 10. HP: 27/119 MP: 11/11
   967 | D        | HP: 7/178 [killer bee (4)]
   970 | D        | Slain by a killer bee

Vault maps used:
D:        dungeon_sprint_mu

Skill      XL: |  1  2  3  4  5  6  7  8  9 |
---------------+----------------------------+-----
Fighting       | 3 4 5 7 8 9 |  9.7
Armour         | 1 2 3 4 5 6 |  6.3
Dodging        | 3 4 5 7 8 9 |  9.6
Unarmed Combat | 4 6 7 8 9 10 11 | 11.3
Stealth        | 2 3 4 5 6 7 |  7.2
Evocations     | 2 3 |  3.4

Action                   |  1- 3 |  4- 6 |  7- 9 | 10-12 || total
-------------------------+-------+-------+-------+-------++-------
Melee: Unarmed           |    25 |    34 |   103 |     6 ||   168
       Punch             |       |       |     5 |     1 ||     6
Invok: Serpent's Lash    |       |       |     3 |       ||     3
       Heavenly Storm    |       |       |     1 |       ||     1
  Use: Scroll            |     3 |       |       |       ||     3
       Potion            |     1 |     1 |     3 |       ||     5
 Stab: Sleeping          |       |     2 |     7 |       ||     9
  Eat: Chunk             |     1 |     7 |     5 |       ||    13
Armor: Robe              |       |     1 |     6 |       ||     7
Dodge: Dodged            |    12 |    14 |    70 |    12 ||   108
